 Dungeon Crawl Stone Soup version 0.25.1-2-g60ff931df9 (webtiles) character file.

Game seed: 7791451904486483807

140 Mitsuki the Skirmisher (level 5, 0/48 HPs)
             Began as a Minotaur Fighter on Aug 5, 2020.
             Was an Initiate of Okawaru.
             Succumbed to an orc priest's poison
             ... on level 3 of the Dungeon.
             The game lasted 00:11:04 (2218 turns).

Mitsuki the Skirmisher (Minotaur Fighter)           Turns: 2218, Time: 00:11:04

Health: 0/48       AC:  7    Str: 20    XL:     5   Next: 2%
Magic:  4/4        EV:  7    Int:  5    God:    Okawaru [......]
Gold:   135        SH:  9    Dex: 11    Spells: 4/4 levels left

rFire    + . .     SeeInvis .   a - +0 war axe
rCold    . . .     Gourm    .   c - +0 kite shield
rNeg     . . .     Faith    .   b - +0 scale mail
rPois    .         Spirit   .   (helmet restricted)
rElec    .         Reflect  .   (no cloak)
rCorr    .         Harm     .   (no gloves)
MR       .....                  (no boots)
Stlth    ..........             o - amulet of the acrobat
HPRegen  0.16/turn              k - ring of protection from fire
MPRegen  0.09/turn              (no ring)

@: lethally poisoned (0 -> -11), stab, hasted, very quick
A: retaliatory headbutt, horns 2
a: Renounce Religion


You were on level 3 of the Dungeon.
You worshipped Okawaru.
Okawaru was noncommittal.
You were not hungry.

You visited 1 branch of the dungeon, and saw 3 of its levels.

You collected 135 gold pieces.

Inventory:

Hand Weapons
 a - a +0 war axe (weapon)
 t - a +0 hunting sling
Missiles
 u - 24 sling bullets
Armour
 b - a +0 scale mail (worn)
 c - a +0 kite shield (worn)
Jewellery
 k - a ring of protection from fire (left hand)
 o - an amulet of the acrobat (around neck)
Scrolls
 e - a scroll of fog {unknown}
 g - a scroll of magic mapping {unknown}
 h - a scroll of teleportation
 l - 3 scrolls of identify {unknown}
 q - a scroll of noise {unknown}
 r - a scroll of enchant armour {unknown}
 s - a scroll of remove curse
Potions
 d - 4 potions of might
 m - a potion of lignification {unknown}
Comestibles
 f - 10 rations
 p - a chunk of flesh


   Skills:
 * Level 5.2 Fighting
 + Level 3.5 Axes
 + Level 4.4 Armour
 - Level 4.3 Shields
 + Level 0.5 Invocations


You had 4 spell levels left.
You didn't know any spells.
Your spell library was empty.

Dungeon Overview and Level Annotations

Branches:
Dungeon (3/15)

Altars:
Okawaru
Ru
Sif Muna


Innate Abilities, Weirdness & Mutations

You reflexively headbutt those who attack you in melee.
You have a pair of horns on your head.


Message History

The orc priest invokes the aid of Beogh against you.
Beogh smites you!
* * * LOW HITPOINT WARNING * * *
You take 17 damage, and have 2/42 hp.
MASSIVE DAMAGE!!
It was a potion of stabbing.
You feel ready to backstab.
* * * LOW HITPOINT WARNING * * *
You feel sick. The dart slug launches a dart at you.
The slug dart hits you but does no damage.
The orc priest hits you but does no damage.
You take 1 damage, and have 1/42 hp.
You hit the orc priest.
You kill the orc priest!
Okawaru accepts your kill.
You have reached level 5!
You slash the dart slug!
You kill the dart slug!
Okawaru accepts your kill.
You die...

.).....#...# #..)..#
####.## .......#...#
#.#<#.# #......
#####..##### ##.....#
#.##.#. .......#
......### #.##.#.
.#.#...#
#.####..#######.##...
.#...[.# #
...........#.####.
......## #.
#..###..##.#.####.
.....## ##..#).#
#..##.)...... ######
#...)@.###......#.####
#.####.....###....#
###.### #.#.## #...
..#.# #.#######.# ...
.# ... .. ..... .....


There were no monsters in sight!

Vanquished Creatures
  An orc priest (D:3)
  2 adders (D:2)
  An ooze (D:3)
  4 dart slugs
  3 leopard geckos
  10 orcs (D:3)
  3 ball pythons
  3 bats (D:1)
  4 giant cockroaches
  7 goblins
  4 hobgoblins
  5 jackals (D:1)
  A quokka (D:3)
  4 frilled lizards
  6 kobolds
  8 rats
66 creatures vanquished.

Notes
Turn   | Place    | Note
-------+----------+-------------------------------------------
     0 | D:1      | Mitsuki the Minotaur Fighter began the quest for the Orb.
     0 | D:1      | Reached XP level 1. HP: 19/19 MP: 0/0
    46 | D:1      | Reached XP level 2. HP: 21/27 MP: 1/1
   130 | D:1      | Reached skill level 4 in Fighting
   621 | D:1      | Reached XP level 3. HP: 33/33 MP: 2/2
   924 | D:2      | Found a shimmering blue altar of Sif Muna.
  1065 | D:2      | Found a sacrificial altar of Ru.
  1151 | D:3      | Reached XP level 4. HP: 41/41 MP: 3/3
  1955 | D:3      | Reached skill level 5 in Fighting
  2119 | D:3      | Found an iron altar of Okawaru.
  2127 | D:3      | Became a worshipper of Warmaster Okawaru
  2211 | D:3      | HP: 2/42 [poisoned by an orc priest]
  2216 | D:3      | HP: 2/42 [orc priest/divine providence (16)]
  2218 | D:3      | Reached XP level 5. HP: 1/48 MP: 4/4
  2218 | D:3      | Succumbed to an orc priest's poison

Illustrated notes

Levels and vault maps discovered:
D:1:      mrwooster_arrival_statue_3, layout_basic
D:2:      layout_rooms, nicolae_overflow_hidden_temple,
          overflow_temple_1_default
D:3:      layout_loops_cross, kennysheep_okawaru_gauntlet

Skill      XL: |  1  2  3  4 |
---------------+-------------+-----
Fighting       | 4 5 |  5.2
Armour         | 4 |  4.4
Shields        | 4 |  4.3
Axes           | 3 |  3.5
Invocations    | |  0.5

Action                   |  1- 3 |  4- 6 || total
-------------------------+-------+-------++-------
Melee: War axe           |    79 |    56 ||   135
       Headbutt          |    15 |    17 ||    32
 Fire: Hunting sling     |       |     2 ||     2
  Use: Scroll            |     2 |       ||     2
       Potion            |       |     3 ||     3
  Eat: Chunk             |     1 |     3 ||     4
Armor: Scale mail        |    40 |    18 ||    58
Dodge: Dodged            |    18 |    26 ||    44
Block: Kite shield       |    43 |    41 ||    84
